 Dungeon Crawl Stone Soup version 0.29-a0-557-g43b9904bd1 (webtiles) character file.

Game seed: 14153784484986367393

105 DocClef the Covert (level 4, 0/41 HPs)
             Began as a Gnoll Delver on June 8, 2022.
             Slain by a human skeleton (3 damage)
             ... on level 5 of the Dungeon.
             The game lasted 00:00:32 (101 turns).

DocClef the Covert (Gnoll Delver)                    Turns: 101, Time: 00:00:33

Health: 0/41       AC:  3    Str: 13    XL:     4   Next: 83%
Magic:  3/5        EV: 13    Int: 10    God:
Gold:   10         SH:  0    Dex: 13    Spells: 5/5 levels left

rFire   . . .      SeeInvis .   a - +0 short sword
rCold   . . .      Faith    .   (no shield)
rNeg    . . .      Spirit   .   b - +0 leather armour
rPois   .          Reflect  .   (no helmet)
rElec   .          Harm     .   (no cloak)
rCorr   .          Rampage  .   (no gloves)
Will    .....                   (no boots)
Stlth   ++++......              (no amulet)
HPRegen 0.13/turn               (no ring)
MPRegen 0.09/turn               (no ring)

@: no status effects
A: fangs 1, strong nose, distributed training
a: no special abilities


You were on level 5 of the Dungeon.
You visited 1 branch of the dungeon, and saw 1 of its levels.

You collected 10 gold pieces.

Inventory:

Hand Weapons
 a - a +0 short sword (weapon)
Armour
 b - a +0 leather armour (worn)
Wands
 g - a wand of digging (3)
Scrolls
 c - a scroll of fog
 d - a scroll of identify {unknown}
 e - a scroll of fear
Potions
 f - a potion of haste


   Skills:
 + Level 6.6 Fighting
 + Level 4.7 Short Blades
 + Level 1.2 Long Blades
 + Level 1.2 Axes
 + Level 1.2 Maces & Flails
 + Level 1.2 Polearms
 + Level 1.2 Staves
 + Level 1.2 Slings
 + Level 1.2 Bows
 + Level 1.2 Crossbows
 + Level 1.2 Throwing
 + Level 1.2 Armour
 + Level 4.7 Dodging
 + Level 9.6 Stealth
 + Level 1.2 Shields
 + Level 1.2 Unarmed Combat
 + Level 1.2 Spellcasting
 + Level 1.0 Conjurations
 + Level 1.0 Hexes
 + Level 1.0 Summonings
 + Level 1.0 Necromancy
 + Level 1.0 Translocations
 + Level 1.0 Transmutations
 + Level 1.0 Fire Magic
 + Level 1.0 Ice Magic
 + Level 1.0 Air Magic
 + Level 1.0 Earth Magic
 + Level 1.0 Poison Magic
 + Level 1.4 Invocations
 + Level 1.2 Evocations


You had 5 spell levels left.
You didn't know any spells.
Your spell library was empty.

Dungeon Overview and Level Annotations

Branches:
Dungeon (5/15)
 Temple: D:4-7

Altars:

Portals:
Ossuary: D:5


Innate Abilities, Weirdness & Mutations

You have very sharp teeth.
Your uncanny sense of smell can sniff out nearby items.
Your experience applies equally to all skills.


Message History

A human skeleton comes into view.
Found a sand-covered staircase.
There is an open door here.
The helpless human skeleton fails to defend itself.
You impale the human skeleton!!
The human skeleton is severely damaged.
The human skeleton barely misses you.
You hit the human skeleton.
The human skeleton is severely damaged.
The human skeleton hits you but does no damage.
You barely miss the human skeleton.
The human skeleton is severely damaged.
You puncture the human skeleton!
The human skeleton is almost destroyed.
The human skeleton closely misses you.
You hit the human skeleton.
The human skeleton is almost destroyed.
The human skeleton hits you but does no damage.
You hit the human skeleton.
You destroy the human skeleton!
Your Conjurations skill increases to level 1!
Your Hexes skill increases to level 1!
Your Summonings skill increases to level 1!
Your Necromancy skill increases to level 1!
Your Translocations skill increases to level 1!
Your Transmutations skill increases to level 1!
Your Fire Magic skill increases to level 1!
Your Ice Magic skill increases to level 1!
Your Air Magic skill increases to level 1!
Your Earth Magic skill increases to level 1!
Your Poison Magic skill increases to level 1!
Unknown command.
You open the door.
A human skeleton comes into view.
There is an open door here.
The helpless human skeleton fails to defend itself.
You skewer the human skeleton like a kebab!!!
The human skeleton is almost destroyed.
The human skeleton hits you.
You die...

*,*,,,,,,,,* *,,,******,* **,**
*,* ##### **,** *,* #...# **,,,**
*,,
#########.#'#####****,*,*,*****,,
..........#.#.#∩#,*,,,,,,,,,,**,,
.##########.#'#'#+#*,,***,**,***,
.#...,****#.'...@Z#,,*,*,***,* *,
.#.#*,,,,,###...###****,** *,* **
...#*******,+...+,* *** *,* .###
*+#+#+#** *,* .# ****,*,*,+,* *,*
.# *,,********** *,* .# *,**,*,*
*,* *,* ## *,**,*,* *,*********,*
****,**,*,* *,,,,,,<,,*,*


You could see a human skeleton.

Vanquished Creatures
  An elf skeleton (D:5)
  2 human skeletons (D:5)
3 creatures vanquished.

Notes
Turn   | Place    | Note
-------+----------+-------------------------------------------
     0 | D:5      | Reached skill level 9 in Stealth
     0 | D:5      | DocClef the Gnoll Delver began the quest for the Orb.
     0 | D:5      | Reached XP level 1. HP: 23/23 MP: 1/1
    67 | D:5      | Reached skill level 1 in Long Blades
    67 | D:5      | Reached skill level 1 in Axes
    67 | D:5      | Reached skill level 1 in Maces & Flails
    67 | D:5      | Reached skill level 1 in Polearms
    67 | D:5      | Reached skill level 1 in Staves
    67 | D:5      | Reached skill level 1 in Slings
    67 | D:5      | Reached skill level 1 in Bows
    67 | D:5      | Reached skill level 1 in Crossbows
    67 | D:5      | Reached skill level 1 in Throwing
    67 | D:5      | Reached skill level 1 in Armour
    67 | D:5      | Reached skill level 1 in Shields
    67 | D:5      | Reached skill level 1 in Unarmed Combat
    67 | D:5      | Reached skill level 1 in Spellcasting
    67 | D:5      | Reached skill level 1 in Invocations
    67 | D:5      | Reached skill level 1 in Evocations
    67 | D:5      | Reached XP level 2. HP: 7/29 MP: 1/3
    67 | D:5      | Reached XP level 3. HP: 8/35 MP: 1/4
    78 | D:5      | HP: 1/35 [human skeleton (1)]
    84 | D:5      | HP: 1/35 [human skeleton (1)]
    88 | D:5      | Reached XP level 4. HP: 1/41 MP: 2/5
    90 | D:5      | Found a sand-covered staircase.
    98 | D:5      | Reached skill level 1 in Conjurations
    98 | D:5      | Reached skill level 1 in Hexes
    98 | D:5      | Reached skill level 1 in Summonings
    98 | D:5      | Reached skill level 1 in Necromancy
    98 | D:5      | Reached skill level 1 in Translocations
    98 | D:5      | Reached skill level 1 in Transmutations
    98 | D:5      | Reached skill level 1 in Fire Magic
    98 | D:5      | Reached skill level 1 in Ice Magic
    98 | D:5      | Reached skill level 1 in Air Magic
    98 | D:5      | Reached skill level 1 in Earth Magic
    98 | D:5      | Reached skill level 1 in Poison Magic
   101 | D:5      | Slain by a human skeleton

Illustrated notes

Levels and vault maps discovered:
D:5:      layout_loops_ring, led_xom_imps, nicolae_ossuary_entry_catacombs,
          minmay_fractal_squares_gapless_5

Skill      XL: |  1  2  3  4 |
---------------+-------------+-----
Stealth        | |  9.6
Long Blades    | 1 |  1.2
Axes           | 1 |  1.2
Maces & Flails | 1 |  1.2
Polearms       | 1 |  1.2
Staves         | 1 |  1.2
Slings         | 1 |  1.2
Bows           | 1 |  1.2
Crossbows      | 1 |  1.2
Throwing       | 1 |  1.2
Armour         | 1 |  1.2
Shields        | 1 |  1.2
Unarmed Combat | 1 |  1.2
Spellcasting   | 1 |  1.2
Invocations    | 1 |  1.4
Evocations     | 1 |  1.2
Conjurations   | 1 |  1.0
Hexes          | 1 |  1.0
Summonings     | 1 |  1.0
Necromancy     | 1 |  1.0
Translocations | 1 |  1.0
Transmutations | 1 |  1.0
Fire Magic     | 1 |  1.0
Ice Magic      | 1 |  1.0
Air Magic      | 1 |  1.0
Earth Magic    | 1 |  1.0
Poison Magic   | 1 |  1.0
Fighting       | |  6.6
Short Blades   | |  4.7
Dodging        | |  4.7

Action                   |  1- 3 |  4- 6 || total
-------------------------+-------+-------++-------
Melee: Short sword       |    29 |     7 ||    36
       Bite              |     4 |       ||     4
  Use: Scroll            |     1 |       ||     1
 Stab: Sleeping          |     1 |     2 ||     3
Armor: Leather armour    |     1 |     2 ||     3
Dodge: Dodged            |     6 |     2 ||     8

Table legend: (Time is in decaauts)
 A = Elapsed time spent in this place.
 B = Non-inter-level travel time spent in this place.
 C = Inter-level travel time spent in this place.
 D = Time resting spent in this place.
 E = Time spent auto-exploring this place.
 F = Levels seen in this place.
 G = Mean time per level.
                   A        B        C        D        E       F      G
               +--------+--------+--------+--------+--------+-----+--------+
         Total |     96 |     96 |      0 |      0 |      0 |   1 |   96.0 |
       Dungeon |     96 |     96 |      0 |      0 |      0 |   1 |   96.0 |
               +--------+--------+--------+--------+--------+-----+--------+

Top non-repeatable levels by time:
     D:5: 96 daAuts
